 Dungeon Crawl Stone Soup version 0.8.0-a0-5348-gdf1c42a character file.

1231251 AlphaQ the Dwarven Barricade (level 25, 236/236 (237) HPs)
             Began as a Mountain Dwarf Berserker on Feb 18, 2011.
             Was an Elder of Trog.
             Escaped with the Orb
             ... and 3 runes (of 3 types) on Feb 22, 2011!
             The game lasted 10:24:22 (125380 turns).

AlphaQ the Dwarven Barricade (MDBe)               Turns: 125380, Time: 10:24:22

HP 236/236 (237) AC 42     Str 32 Exp: 25/961607 (4951), need: 14042
MP  20/20        EV 15     Int  8      God: Trog [****..]
Gold 7645        SH 55     Dex 23      Spells:  0 memorised, 26 levels left

Res.Fire  : + + +   See Invis. : .   V - +8 eveningstar
Res.Cold  : + . .   Warding    : .   g - +1 gold dragon armour
Life Prot.: . . .   Conserve   : .   q - +2 large shield "Woriuc" {Str+3 Dex+4}
Res.Acid. : . . .   Res.Corr.  : .   b - +3 helmet "Gradal" {rF+}
Res.Poison: +       Clarity    : .   A - +3 cloak of Atheism {rElec rF+}
Res.Elec. : +       Spirit.Shd : .   D - +3 pair of gauntlets of War {Acc+3 Dam+3}
Sust.Abil.: . .     Stasis     : .   (no boots)
Res.Mut.  : .       Ctrl.Telep.: .   O - amulet of the gourmand
Res.Rott. : .       Levitation : .   M - +4 ring of protection
Gourmand  : +       Ctrl.Flight: .   v - +6 ring of dexterity

@: very resistant to hostile enchantments, extremely unstealthy
A: -10% hp
a: Burn Spellbooks, Berserk, Trog's Hand, Brothers in Arms, Renounce Religion


You escaped.
You worshipped Trog.
Trog was extremely pleased with you.
You were not hungry.

You visited 12 branches of the dungeon, and saw 74 of its levels.
You visited 1 Labyrinth.
You visited 1 bazaar.
You visited 1 portal chamber: wizlab.

You collected 8634 gold pieces.
You spent 1009 gold pieces at shops.

Inventory:

Hand weapons
 E - the +0,-1 broad axe "Plithryuf" {chop, rPois rF++ rN+ SInv}
   (You bought it in a shop on level 4 of the Orcish Mines)

   It inflicts extra damage upon your enemies.
   It greatly protects you from fire.
   It protects you from poison.
   It protects you from negative energy.
   It enhances your eyesight.
 V - a +8,+8 eveningstar (weapon)
Missiles
 h - 26 +0 stones (quivered)
Armour
 b - the +3 helmet "Gradal" (worn) {rF+}
   (You found it on level 21 of the Dungeon)

   It protects you from fire.
 g - a +1 gold dragon armour (worn)
 q - the +2 large shield "Woriuc" (worn) {Str+3 Dex+4}
   (You found it on level 4 of the Swamp)

   It affects your strength (+3).
   It affects your dexterity (+4).
 A - the +3 cloak of Atheism (worn) {rElec rF+}
   (You acquired it on level 5 of the Lair of Beasts)

   It protects you from fire.
   It insulates you from electricity.
 D - the +3 pair of gauntlets of War (worn) {Acc+3 Dam+3}
   (You acquired it on level 3 of the Vaults)

   It affects your accuracy (+3).
   It affects your damage-dealing abilities (+3).
Magical devices
 d - a wand of disintegration (0)
 e - a wand of cold (0)
 i - a wand of draining (2)
 l - a wand of frost (4)
 n - a wand of disintegration (0)
 s - a wand of disintegration (0)
 x - a wand of teleportation (7)
 C - a wand of cold (9)
 L - a wand of lightning (5)
 P - a wand of paralysis (3)
 T - a wand of draining (9)
Comestibles
 c - 4 bread rations
 w - 3 meat rations
 F - 8 apples
 N - 2 royal jellies
Scrolls
 j - a scroll of remove curse
 o - a scroll of fear
 p - 2 scrolls of teleportation
 u - a scroll of blinking
 y - a scroll of fog
 H - 2 scrolls of identify
Jewellery
 m - an uncursed ring of protection from cold
 t - an uncursed ring of levitation
 v - a +6 ring of dexterity (left hand)
 B - an uncursed ring of sustenance
 M - a +4 ring of protection (right hand)
 O - an amulet of the gourmand (around neck)
Potions
 a - 2 potions of levitation
 G - 2 potions of resistance
 U - a potion of invisibility
 Z - a potion of might
Orbs of Power
 f - the Orb of Zot
Miscellaneous
 r - a decaying rune of Zot
 z - a silver rune of Zot
 X - a barnacled rune of Zot You had 4951 experience left.


   Skills:
 + Level 26 Fighting
 + Level 12 Axes
 + Level 18 Maces & Flails
 - Level 3 Throwing
 + Level 23 Armour
 + Level 14 Dodging
 - Level 2 Stealth
 - Level 2 Stabbing
 * Level 27 Shields
 + Level 9 Traps & Doors
 - Level 1 Spellcasting
 + Level 8 Evocations


You had 26 spell levels left.
You didn't know any spells.

Dungeon Overview and Level Annotations

Branches:
Dungeon (27/27)            Temple (1/1) D:6             Orc (4/4) D:7
    Elf (3/5) Orc:4          Lair (8/8) D:12          Swamp (5/5) Lair:2
 Shoals (5/5) Lair:3         Hive (2/2) D:12          Vault (8/8) D:18
  Blade (1/1) Vault:6       Crypt (5/5) Vault:3        Tomb (0/3) Crypt:3
    Zot (5/5) D:27
  Slime: Lair:6-8

Altars:
Ashenzari
Cheibriados
Elyvilon
Fedhas
Kikubaaqudgha
Makhleb
Nemelex Xobeh
Trog
Vehumet
Xom
Yredelemnul
Zin
Beogh
Jiyva

Shops:
D:5: % D:6: % D:11: (%(!! D:19: ( D:24: ( D:26: [ Orc:1: / Orc:4: ((!( Elf:2: / Vault:6: +

Portals:
Hell: D:21 D:22 D:23 D:24 D:25 D:26 D:27
Abyss: D:25
Pan: D:24 D:25

Annotations
Lair:1 exclusion: oklob plant


Innate Abilities, Weirdness & Mutations

You are frail (-10% HP).


Message History

Where to? (Enter - D:1 @ (x,y), ? - help)
A shadow imp comes into view.
The shadow imp shouts, "Kneel, thou canting dirt-grubbing nobody!"
There is an open door here.
There is a staircase leading out of the dungeon here.
Are you sure you want to leave the Dungeon?
You have escaped!

#.# #<...# #### #.# #. ###.#
#....###..## #.# #. #...#
####'#.....# #.# #. #...#
##.......#.###.########.
#...####.....##5#..........^...
#.........####..#.###.#####.##.
#...###.#'####..#.# #.##....##.
#...# ###...##..#.# #.##....###
#...# #.<.##@.#.# #.##....#
##...#############.# #5##....#
...................#
#.##....###
####################
#.##....... .# #.##....### .#
#.##....# .# #.##....# .#
#.##....# .# #.##.######


You could see a shadow imp.

Vanquished Creatures
  5 ancient liches
  An orb of fire (Zot:5)
  Boris (Shoals:5)
  Mara (Vault:2)
  Margery (D:21)
  The ghost of FilthyApe the Spry, a great KoBe of Trog (Vault:8)
  2 electric golems
  2 liches (Crypt:5)
  5 golden dragons
  4 titans
  A curse skull (Crypt:4)
  22 Orb Guardians
  10 shadow dragons
  3 sphinxes
  Rupert (Shoals:3)
  Agnes (Swamp:2)
  13 storm dragons
  A storm dragon (shapeshifter) (Vault:7)
  2 draconian monks (Zot:4)
  3 frost giants
  An Executioner (Crypt:5)
  10 bone dragons
  4 draconian scorchers
  11 tentacled monstrosities
  3 fire giants
  5 draconian zealots
  3 draconian knights
  3 azure jellies (D:26)
  3 draconian shifters
  2 draconian annihilators
  47 stone giants
  4 draconian callers
  8 grey draconians
  4 black draconians
  5 pale draconians
  5 green draconians
  3 mottled draconians
  7 white draconians
  2 purple draconians
  3 yellow draconians
  2 deep elf death magi (Vault:8)
  9 red draconians
  A Green Death (Crypt:5)
  37 yaktaur captains
  7 dragons
  Snorg (D:18)
  4 great orbs of eyes
  7 ettins
  A mummy priest (Crypt:3)
  3 minotaurs
  2 sirens
  7 death cobs
  65 dancing weapons (Blade)
  A dragon (shapeshifter) (Vault:8)
  A siren (shapeshifter) (Vault:8)
  A Cacodemon (Vault:8)
  A great orb of eyes (shapeshifter) (Vault:7)
  3 merfolk aquamancers (Shoals:5)
  13 death oozes (D:26)
  11 ice dragons
  2 anaconda zombies
  Erica (Lair:2)
  8 vault guards (Vault:7)
  19 hydras
  A shadow dragon zombie (Crypt:5)
  11 ogre magi
  An alligator snapping turtle (Shoals:4)
  A golden dragon zombie (Crypt:5)
  5 alligators
  2 alligators (shapeshifter)
  3 merfolk impalers
  A fire giant zombie (Vault:4)
  2 orc high priests
  3 stone giant zombies
  5 death yaks
  4 very ugly things (Vault:5)
  3 ghost moths
  A sphinx zombie (Crypt:3)
  A shadow dragon skeleton (Vault:5)
  2 draconian zombies
  3 stone giant skeletons
  An iron golem (D:19)
  30 deep trolls
  26 centaur warriors
  6 griffons
  13 deep elf knights
  A griffon (shapeshifter) (Vault:1)
  57 skeletal warriors
  A death drake (Zot:1)
  A queen ant (shapeshifter) (Vault:8)
  A storm dragon zombie (D:19)
  5 sea snakes
  A death drake (shapeshifter) (D:18)
  3 unseen horrors
  A red draconian zombie (Zot:2)
  2 rock trolls (shapeshifter) (D:26)
  A yellow draconian zombie (Crypt:2)
  7 hell knights
  A pale draconian zombie (Crypt:2)
  A white draconian zombie (Zot:1)
  5 flayed ghosts
  2 wizards
  3 iron trolls
  23 orc knights
  2 humans (shapeshifter) (D:21)
  4 necromancers
  A vampire mage (Zot:1)
  An iron troll zombie (D:20)
  20 hill giants
  A swamp dragon (Swamp:2)
  A white draconian skeleton (Crypt:1)
  4 giant amoebae
  Pikel (D:7)
  A guardian serpent (shapeshifter) (Vault:8)
  A hill giant (shapeshifter) (Vault:7)
  A hydra zombie (D:16)
  A siren zombie (Crypt:4)
  5 spiny worms
  A yellow draconian skeleton (Crypt:3)
  9 harpies
  3 orc sorcerers
  A red draconian skeleton (Crypt:3)
  A centaur skeleton (Vault:1)
  2 flaming corpses (Crypt:5)
  2 iron troll skeletons
  3 fire crabs
  A hydra skeleton (Crypt:3)
  12 cyclopes
  A trap mimic (Vault:1)
  5 red wasps
  21 elephants
  A sixfirhy (D:20)
  A harpy skeleton (Crypt:1)
  An ice dragon zombie (D:16)
  A cyclops (shapeshifter) (Vault:7)
  4 mimics
  A moth of wrath (shapeshifter) (D:27)
  A dragon zombie (Crypt:2)
  8 phantasmal warriors
  A wolf spider (shapeshifter) (Vault:8)
  2 wolf spiders
  2 dragon skeletons
  2 elephant slugs
  71 slime creatures
  29 moths of wrath
  A griffon zombie (Crypt:5)
  A black mamba zombie (Crypt:3)
  A stair mimic (D:19)
  An ettin zombie (Vault:2)
  An ice dragon skeleton (D:18)
  A fountain mimic (D:18)
  12 spiny frogs
  2 ettin skeletons
  A queen ant zombie (Crypt:3)
  A hellwing (Elf:2)
  A griffon skeleton (Crypt:3)
  70 yaktaurs
  2 queen ants
  A hill giant zombie (Vault:3)
  A black mamba (Lair:4)
  A giant toad skeleton (D:15)
  A shop mimic (Vault:1)
  2 tormentors
  8 mermaids
  9 rock trolls
  A trapdoor spider (D:15)
  6 guardian mummies (Crypt:3)
  2 silent spectres
  3 hill giant skeletons
  Grinder (D:3)
  A queen bee (Hive:2)
  A large large abomination (D:6)
  8 komodo dragons
  79 ugly things
  2 trolls (shapeshifter)
  2 redbacks
  A polar bear (Lair:8)
  A human zombie (Crypt:3)
  A deep troll zombie (Vault:4)
  12 snapping turtles
  A redback (shapeshifter) (Vault:2)
  2 rock troll zombies
  2 spriggans (shapeshifter)
  18 trolls
  A bog mummy (Swamp:2)
  A raven skeleton (Crypt:2)
  A snapping turtle zombie (Crypt:2)
  39 giant toads
  23 two-headed ogres
  A rock troll skeleton (D:16)
  5 baby alligators
  A grizzly bear (D:25)
  21 blink frogs
  16 brown oozes (D:26)
  Duvessa (D:7)
  3 vampires
  An ice dragon simulacrum (Zot:5)
  A spiny frog skeleton (Crypt:2)
  2 deep troll skeletons (Vault:6)
  A redback zombie (Crypt:3)
  8 wraiths
  4 sharks (Elf:2)
  2 elf zombies
  A swamp dragon skeleton (Crypt:4)
  4 hairy devils
  A fire elemental (Vault:1)
  9 deep elf conjurers
  2 orc zombies (Vault:5)
  2 lindwurm skeletons (Crypt:5)
  2 blink frog skeletons
  2 blink frog zombies
  4 steam dragons
  3 hungry ghosts
  An elephant skeleton (D:18)
  6 neqoxecs
  5 merfolk (shapeshifter)
  66 yaks
  2 hogs (Swamp:2)
  10 deep elf summoners
  5 vipers (Lair:3)
  Grum (Orc:3)
  31 merfolk
  2 fire drakes (shapeshifter) (Vault:3)
  3 wyverns
  6 deep elf fighters
  A fire crab zombie (Crypt:3)
  2 ynoxinuls
  48 vampire mosquitoes
  4 fire drakes
  A ghoul (Crypt:5)
  2 hog skeletons
  10 manticores
  8 necrophages
  3 war dogs (Orc:3)
  3 yaktaur zombies
  2 rock worms
  A viper (shapeshifter) (Vault:7)
  12 hippogriffs
  5 soldier ants
  A draconian skeleton (Crypt:5)
  30 swamp worms
  51 orc warriors
  A mottled dragon (Vault:1)
  A wyvern skeleton (Crypt:4)
  17 freezing wraiths
  2 mermaid skeletons
  A cyclops skeleton (D:15)
  6 hell hounds
  11 insubstantial wisps
  A manticore skeleton (Crypt:3)
  4 kenku (Swamp:3)
  58 ogres
  A red devil (D:3)
  2 yaktaur skeletons
  4 giant goldfish
  A queen bee zombie (Crypt:5)
  A hippogriff zombie (Crypt:3)
  2 swamp drakes (Swamp:2)
  62 centaurs
  5 deep elf priests
  2 sky beasts
  2 yellow wasps
  A troll zombie (D:18)
  2 yak zombies (Crypt:5)
  6 black bears
  4 ice beasts
  2 boring beetles
  6 crocodiles
  A yak skeleton (Crypt:2)
  6 phantoms
  A crocodile (shapeshifter) (Vault:8)
  A troll skeleton (D:18)
  5 deep elf magi
  A lava worm (Swamp:5)
  Sigmund (D:7)
  7 wargs
  4 big kobolds
  8 gila monsters
  A brain worm (D:19)
  A tarantella zombie (Crypt:3)
  18 water moccasins
  A black bear zombie (Crypt:5)
  A soldier ant zombie (D:24)
  27 giant frogs
  6 giant slugs
  6 agate snails
  2 giant frog zombies
  8 giant leeches
  A warg zombie (Crypt:3)
  4 elves (shapeshifter)
  3 eyes of draining
  124 killer bees
  A killer bee zombie (D:14)
  9 boulder beetles
  14 jellyfish
  13 wights
  A deep dwarf zombie (Crypt:2)
  9 electric eels
  A big kobold zombie (D:9)
  A gnome zombie (Crypt:3)
  4 goliath beetles
  A mottled dragon skeleton (Crypt:5)
  8 spiders (D:13)
  2 hound zombies
  14 imps
  3 shadows
  3 big fish
  2 dwarf skeletons
  A kenku skeleton (Crypt:5)
  30 orc priests
  A quasit (D:19)
  A draconian (shapeshifter) (D:27)
  5 iron imps
  6 deep elf soldiers
  2 hound skeletons
  4 orange rats
  2 worker ant zombies
  11 iguanas
  34 orc wizards
  A scorpion (D:18)
  11 hounds
  33 worker ants
  A naga skeleton (Crypt:3)
  30 sheep
  7 porcupines
  24 jellies
  8 boggarts
  3 goliath beetle zombies
  A mummy (D:8)
  A flying skull (Crypt:5)
  18 gnolls
  70 green rats
  An iguana zombie (D:8)
  3 lemures
  4 midges
  6 giant centipedes
  5 giant mites
  5 shadow imps
  55 snakes
  A snake skeleton (D:10)
  A halfling skeleton (Crypt:2)
  An iguana skeleton (D:8)
  A porcupine skeleton (Crypt:5)
  6 worms
  30 ufetubi
  2 white imps
  5 grey rats
  2 giant eyeballs (D:9)
  5 megabat skeletons
  A giant gecko (shapeshifter) (D:19)
  6 giant geckos
  21 goblins
  24 hobgoblins
  14 jackals
  44 megabats
  14 oozes
  219 orcs
  13 quokkas
  6 ant larvae (D:18)
  An ant larva zombie (Crypt:5)
  9 giant cockroaches
  8 giant newts
  A giant newt skeleton (Crypt:3)
  2 giant spores (D:19)
  2 hobgoblin skeletons
  9 killer bee larvae
  38 kobolds
  A kobold zombie (Crypt:2)
  A quokka skeleton (Crypt:1)
  31 rats
  3 small snakes
  11 ballistomycetes
  A bush (D:4)
  A butterfly (Shoals:5)
  3 fungi
  8 plants
  4 tentacles (Shoals:4)
  35 toadstools
3136 creatures vanquished.

Vanquished Creatures (collateral kills)
  Tiamat (Zot:2)
  Saint Roka (Swamp:3)
  Mennas (Vault:6)
  2 golden dragons
  A curse skull (Crypt:5)
  3 shadow dragons (Vault:8)
  Kirke (Swamp:2)
  Frances (Crypt:2)
  Terpsichore (Vault:5)
  Wiglaf (D:17)
  A draconian scorcher (Zot:1)
  An azure jelly (D:26)
  2 stone giants
  A tentacled monstrosity (Zot:1)
  A fire giant (Vault:7)
  A green draconian (Zot:3)
  2 grey draconians (Zot:3)
  A purple draconian (Zot:3)
  A red draconian (Zot:3)
  A mottled draconian (Zot:3)
  Azrael (D:18)
  A yellow draconian (Zot:3)
  A black draconian (Zot:1)
  3 pale draconians
  4 yaktaur captains
  16 vault guards (Vault:7)
  A dragon (Swamp:5)
  A siren (Shoals:5)
  Harold (Lair:3)
  2 death oozes (D:26)
  2 merfolk javelineers (Shoals:5)
  6 hydras
  A merfolk impaler (Shoals:5)
  An ogre mage (Orc:4)
  Nergalle (Orc:3)
  A stone giant zombie (Crypt:3)
  2 centaur warriors (Port)
  2 soul eaters
  A hell knight (D:21)
  A pale draconian zombie (Zot:1)
  3 hill giants
  A flayed ghost (D:21)
  An oklob plant (Port)
  2 orc sorcerers
  3 cyclopes
  3 dancing weapons (Vault:5)
  2 stone golems (Port)
  A moth of wrath (Zot:3)
  A sixfirhy (Crypt:2)
  A reaper (Crypt:3)
  An elephant (D:21)
  A hellwing (Vault:1)
  A rock troll (Orc:4)
  13 yaktaurs
  An elf (shapeshifter) (Vault:8)
  A tormentor (Orc:4)
  2 guardian mummies (Crypt:3)
  2 mermaids (Shoals:5)
  6 ugly things
  A raven zombie (Crypt:2)
  A manticore (shapeshifter) (Vault:8)
  5 trolls
  2 snapping turtles (Shoals:5)
  2 bog mummies
  A komodo dragon (Zot:3)
  6 two-headed ogres
  A queen bee (Lair:4)
  A giant toad (D:12)
  4 merfolk zombies (Shoals:5)
  2 neqoxecs
  A merfolk (Shoals:5)
  8 fire drakes
  A mermaid zombie (Shoals:5)
  2 steam dragons (Swamp:5)
  3 vampire mosquitoes
  3 mottled dragons
  7 soldier ants
  2 hell hounds (D:19)
  6 orc warriors
  A red devil (Vault:1)
  A yellow wasp (D:9)
  2 swamp drakes
  A sky beast (D:12)
  2 lava worms (Swamp:5)
  13 ogres (Orc:4)
  A crocodile (Swamp:1)
  2 giant frogs (D:12)
  A rotting devil (Vault:1)
  A giant slug (Swamp:3)
  A warg (Swamp:3)
  58 killer bees
  A big kobold zombie (D:12)
  A lava snake (Swamp:5)
  A hound (D:12)
  4 orc priests
  An orc wizard (Orc:3)
  15 worker ants
  An iron imp (Crypt:5)
  3 sheep (D:19)
  2 mummies (Crypt:3)
  3 green rats (D:12)
  A lemure (Crypt:5)
  A midge (Crypt:5)
  3 megabats
  20 orcs
  An ant larva (D:18)
  2 orc zombies (Vault:1)
  4 rats
  4 spectral orcs (Orc:3)
  2 plants (D:12)
  A toadstool (Port)
334 creatures vanquished.

Vanquished Creatures (others)
  A deep troll (D:26)
  A hydra (Swamp:5)
  2 iron trolls
  56 slime creatures
  2 trolls
  14 two-headed ogres
  25 ogres
  A grizzly bear (Zot:3)
  3 fire drakes (Zot:4)
  2 vampire mosquitoes
  A hungry ghost (D:12)
  A small abomination (D:21)
  An orc warrior (D:24)
  A kenku (Swamp:3)
  4 slaves (D:7)
  2 swamp drakes
  3 humans (Swamp:2)
  5 black bears
  A big kobold (D:14)
  A crocodile (Lair:8)
  A deep elf mage (Elf:1)
  2 giant frogs
  A killer bee (D:12)
  A jellyfish (Swamp:2)
  Dowan (D:7)
  2 hounds (D:7)
  An orc wizard (Vault:8)
  A deep elf soldier (Elf:2)
  A porcupine (Lair:2)
  2 worker ants (D:7)
  2 boggarts (Vault:1)
  A gnoll (D:7)
  A shadow imp (Crypt:5)
  A white imp (Crypt:5)
  A worm (Lair:4)
  2 hobgoblins (D:7)
  3 kobolds
  2 megabats
  5 orcs
  2 quokkas
  3 giant spores
  A jackal (Lair:4)
  5 rats
  28 fungi
  38 plants
  5 tentacles (Shoals:4)
  587 tentacle segments (Shoals:4)
  56 toadstools
883 creatures vanquished.

Grand Total: 4353 creatures vanquished

Notes
Turn   | Place    | Note
--------------------------------------------------------------
     0 | D:1      | AlphaQ, the Mountain Dwarf Berserker, began the quest for the Orb.
     0 | D:1      | Reached XP level 1. HP: 16/16 MP: 0/0
   106 | D:1      | Found a shimmering altar of Xom.
   303 | D:1      | Reached skill level 4 in Axes
   440 | D:1      | Killed monsters: 0 trivial, 8 easy, 0 tough, 0 nasty; 1 corpses
   440 | D:1      | Reached XP level 2. HP: 21/23 MP: 1/1
  1005 | D:1      | Acquired Trog's second power
  1321 | D:1      | Killed monsters: 11 trivial, 5 easy, 1 tough, 0 nasty; 9 corpses
  1321 | D:1      | Reached XP level 3. HP: 16/30 MP: 1/1
  2014 | D:2      | Found a burning altar of Makhleb.
  2129 | D:2      | Killed monsters: 8 trivial, 1 easy, 2 tough, 0 nasty; 6 corpses
  2129 | D:2      | Reached XP level 4. HP: 37/37 MP: 2/2
  3294 | D:3      | Killed monsters: 10 trivial, 4 easy, 1 tough, 0 nasty; 10 corpses
  3294 | D:3      | Reached XP level 5. HP: 41/44 MP: 3/3
  3736 | D:3      | Noticed Grinder
  3749 | D:3      | Defeated Grinder
  3749 | D:3      | Killed monsters: 3 trivial, 2 easy, 0 tough, 1 nasty; 1 corpses
  3749 | D:3      | Reached XP level 6. HP: 50/50 MP: 3/3
  3818 | D:3      | Found a white marble altar of Elyvilon.
  3940 | D:3      | Killed monsters: 5 trivial, 1 easy, 0 tough, 0 nasty; 2 corpses
  3940 | D:3      | Reached XP level 7. HP: 57/57 MP: 4/4
  4101 | D:4      | Reached skill level 5 in Fighting
  4176 | D:4      | Found a bloodstained altar of Trog.
  4190 | D:4      | Reached skill level 5 in Axes
  4292 | D:4      | Reached skill level 5 in Armour
  4956 | D:4      | Reached skill level 6 in Axes
  5247 | D:5      | Entered Level 5 of the Dungeon
  5413 | D:5      | Found a radiant altar of Vehumet.
  5451 | D:5      | Reached skill level 7 in Axes
  5516 | D:5      | Killed monsters: 20 trivial, 3 easy, 8 tough, 0 nasty; 18 corpses
  5516 | D:5      | Reached XP level 8. HP: 62/67 MP: 5/5
  5615 | D:5      | Reached skill level 5 in Dodging
  6244 | D:6      | Reached skill level 8 in Axes
  6341 | D:6      | Found Tithix's Food Shop.
  6348 | D:6      | Reached skill level 1 in Stealth
  6384 | D:6      | Bought a meat ration for 40 gold pieces
  6660 | D:6      | Found a staircase to the Ecumenical Temple.
  6703 | Temple   | Entered the Ecumenical Temple
  7088 | D:6      | Acquired Trog's third power
  7579 | D:6      | Found a shattered altar of Ashenzari.
  7686 | D:7      | Noticed Pikel
  7695 | D:7      | Reached skill level 1 in Throwing
  7710 | D:7      | Defeated Pikel
  7710 | D:7      | Killed monsters: 21 trivial, 8 easy, 5 tough, 1 nasty; 16 corpses
  7710 | D:7      | Reached XP level 9. HP: 28/76 MP: 5/5
  8463 | D:7      | Defeated Dowan
  8680 | D:7      | Noticed Sigmund
  8690 | D:7      | Defeated Sigmund
  9335 | D:7      | Found a staircase to the Orcish Mines.
  9486 | D:7      | Found a sparkling altar of Nemelex Xobeh.
  9516 | D:7      | Found a snail-covered altar of Cheibriados.
  9550 | D:7      | Noticed Duvessa
  9557 | D:7      | Defeated Duvessa
  9982 | D:8      | Found a shimmering altar of Xom.
 10439 | D:8      | Reached skill level 1 in Traps & Doors
 11172 | D:8      | Reached skill level 9 in Fighting
 11723 | D:8      | Killed monsters: 35 trivial, 32 easy, 17 tough, 0 nasty; 39 corpses
 11723 | D:8      | Reached XP level 10. HP: 67/88 MP: 6/6
 11762 | D:8      | Noticed a green ugly thing
 11778 | D:8      | Defeated a green ugly thing
 12678 | D:9      | Reached skill level 1 in Evocations
 12789 | D:9      | Found a basalt altar of Yredelemnul.
 12792 | D:9      | Reached skill level 1 in Maces & Flails
 13591 | D:9      | Received a gift from Trog
 14152 | D:9      | Reached skill level 10 in Fighting
 14228 | D:10     | Entered Level 10 of the Dungeon
 14850 | D:10     | Reached skill level 1 in Shields
 14975 | D:10     | Gained mutation: You are agile (Dex +1).
 15260 | D:10     | Reached skill level 10 in Armour
 15623 | D:11     | Found Gaekuemp's Food Boutique.
 15629 | D:11     | Found Piwogir's Weapon Shop.
 15633 | D:11     | Bought a meat ration for 56 gold pieces
 15667 | D:11     | Reached skill level 5 in Maces & Flails
 15826 | D:11     | Found Ghoatsio's Weapon Shop.
 15836 | D:11     | You fall through a shaft!
 15844 | D:12     | Found a staircase to the Lair.
 15851 | D:12     | Reached XP level 11. HP: 81/98 MP: 7/7
 16081 | D:12     | Found a flickering gateway to a bazaar. 16093
                  | bazaar
                  | Entered a bazaar 16207
                  | bazaar
                  | Found Clief's Magical Wand Emporium. 16207
                  | bazaar
                  | Found Granla's Jewellery Shoppe. 16211
                  | bazaar
                  | Bought a cursed ring of hunger for 1 gold piece 16230
                  | bazaar
                  | Found Woxait's Book Shoppe. 16266
                  | bazaar
                  | Reached skill level 11 in Armour 16311
                  | bazaar
                  | Bought an uncursed ring of see invisible for 182 gold pieces
 16445 | D:12     | Found a staircase to the Hive.
 17293 | Lair:1   | Entered Level 1 of the Lair of Beasts
 17560 | Lair:1   | Found a blossoming altar of Fedhas.
 17988 | Lair:1   | Reached skill level 12 in Armour
 18668 | Lair:1   | Reached skill level 1 in Stabbing
 19121 | Lair:1   | Reached skill level 5 in Shields
 19122 | Lair:1   | Reached skill level 10 in Dodging
 19569 | Lair:1   | Reached XP level 12. HP: 98/110 MP: 7/7
 19878 | Lair:2   | Noticed Erica
 19883 | Lair:2   | Defeated Erica
 19963 | Lair:2   | Found a staircase to the Swamp.
 20660 | Lair:3   | Received a gift from Trog
 20661 | Lair:3   | Got a fine executioner's axe {god gift}
 20795 | Lair:2   | Identified the executioner's axe of Redun {god gift, slay orc, +Lev} (Trog gifted it to you on level 3 of the Lair of Beasts)
 21277 | Lair:3   | Noticed Harold
 21284 | Lair:3   | Defeated Harold
 21480 | Lair:3   | Reached skill level 13 in Fighting
 22394 | Lair:3   | Received a gift from Trog
 23055 | Lair:3   | Found a basalt altar of Yredelemnul.
 23464 | Lair:3   | Found a staircase to the Shoals.
 24629 | Lair:4   | Received a gift from Trog
 24630 | Lair:4   | Got a crystal battleaxe {god gift}
 24631 | Lair:4   | Identified the battleaxe "Stafoe" {god gift, chop, rElec} (Trog gifted it to you on level 4 of the Lair of Beasts)
 25322 | Lair:5   | Identified a scroll of acquirement
 25323 | Lair:5   | Got a polished cloak
 25326 | Lair:5   | Identified the +3 cloak of Atheism (You acquired it on level 5 of the Lair of Beasts)
 25489 | Lair:5   | Reached skill level 14 in Fighting
 25664 | Lair:5   | Reached XP level 13. HP: 122/122 MP: 8/8
 27510 | Lair:7   | Reached skill level 10 in Axes
 27544 | Lair:7   | Received a gift from Trog
 29164 | Lair:8   | Entered Level 8 of the Lair of Beasts
 31346 | Lair:8   | Received a gift from Trog
 31347 | Lair:8   | Got a jewelled executioner's axe {god gift}
 31348 | Lair:8   | Identified the executioner's axe "Oraozxoj" {god gift, holy, Int+2} (Trog gifted it to you on level 8 of the Lair of Beasts)
 31587 | Lair:8   | Reached XP level 14. HP: 127/127 MP: 9/9
 31732 | Lair:8   | Got a faintly glowing leather armour
 32237 | Lair:8   | Received a gift from Trog
 33723 | Lair:2   | Identified the cursed +3 leather armour of the Eight Eyes (You found it on level 8 of the Lair of Beasts)
 33846 | D:9      | Reached skill level 15 in Fighting
 33946 | Orc:1    | Entered Level 1 of the Orcish Mines
 34140 | Orc:1    | Found Braucsurgh's Magical Wand Emporium.
 34446 | Orc:2    | Noticed a cyclops
 34456 | Orc:2    | Defeated a cyclops
 34935 | Orc:2    | Received a gift from Trog
 34936 | Orc:2    | Got a warped great sword {god gift}
 35381 | Orc:3    | Noticed Nergalle
 35398 | Orc:3    | Defeated Nergalle
 35507 | Orc:3    | Received a gift from Trog
 35508 | Orc:3    | Got a crude flail {god gift}
 35509 | Orc:3    | Identified the flail of Darkness {god gift, antimagic, rElec rC+} (Trog gifted it to you on level 3 of the Orcish Mines)
 35622 | Orc:3    | Noticed Grum
 35663 | Orc:3    | Defeated Grum
 36083 | Orc:1    | Found a roughly hewn altar of Beogh.
 36166 | Orc:1    | Reached skill level 15 in Armour
 36197 | Orc:4    | Entered Level 4 of the Orcish Mines
 36200 | Orc:4    | Noticed a cyclops
 36202 | Orc:4    | Noticed a rock troll
 36207 | Orc:4    | Noticed a two-headed ogre
 36238 | Orc:4    | Noticed a two-headed ogre
 36239 | Orc:4    | Defeated a rock troll
 36245 | Orc:4    | Noticed an ogre mage
 36365 | Orc:4    | Defeated a two-headed ogre
 36366 | Orc:4    | Defeated a two-headed ogre
 36368 | Orc:4    | Noticed a rock troll
 36368 | Orc:4    | Defeated a cyclops
 36370 | Orc:4    | Noticed a two-headed ogre
 36370 | Orc:4    | Noticed a two-headed ogre
 36375 | Orc:4    | Defeated a two-headed ogre
 36376 | Orc:4    | Defeated a rock troll
 36378 | Orc:4    | Defeated a two-headed ogre
 36382 | Orc:4    | Defeated an ogre mage
 36383 | Orc:4    | Noticed a cyclops
 36386 | Orc:4    | Defeated an ogre mage
 36387 | Orc:4    | Noticed a two-headed ogre
 36393 | Orc:4    | Defeated a two-headed ogre
 36395 | Orc:4    | Defeated a cyclops
 36657 | Orc:4    | Noticed a two-headed ogre
 36657 | Orc:4    | Found Utuurgh's Distillery.
 36666 | Orc:4    | Defeated a two-headed ogre
 36757 | Orc:4    | Found Pluahueg's Weapon Emporium.
 36761 | Orc:4    | Bought a potion of heal wounds for 36 gold pieces
 36764 | Orc:4    | Found Cauz's Antique Weapon Boutique.
 36766 | Orc:4    | Found Xyratoli's Antique Weapon Shop.
 36776 | Orc:4    | Received a gift from Trog
 36783 | Orc:4    | Bought a jewelled broad axe for 275 gold pieces
 36784 | Orc:4    | Identified the cursed broad axe "Plithryuf" {chop, rPois rF++ rN+ SInv} (You bought it in a shop on level 4 of the Orcish Mines)
 36799 | Orc:4    | Found a staircase to the Elven Halls.
 37397 | Orc:4    | Gained mutation: You digest meat inefficiently.
 38410 | Hive:1   | Entered Level 1 of the Hive
 38782 | Hive:2   | Entered Level 2 of the Hive
 38951 | Hive:2   | Received a gift from Trog
 38959 | Hive:2   | Got a bloodied obsidian axe {god gift}
 39105 | Hive:1   | Identified the cursed obsidian axe {god gift, chop, Str+3 SInv Curse} (Trog gifted it to you on level 2 of the Hive)
 40503 | Hive:2   | Reached skill level 10 in Shields
 40800 | Hive:2   | Received a gift from Trog
 41097 | D:11     | Found Etiodeot's Distillery.
 41287 | D:11     | Found Niecw's Distillery.
 41296 | D:11     | Bought 2 potions of resistance for 168 gold pieces
 42895 | D:13     | Received a gift from Trog
 43302 | D:13     | Reached XP level 15. HP: 128/137 MP: 9/9
 43302 | D:13     | Reached skill level 5 in Evocations
 43389 | D:14     | Found a labyrinth entrance.
 43438 | Lab      | Entered a Labyrinth
 44107 | Lab      | Got a smoking ankus
 44136 | Lab      | Identified the ankus of Disembowelment {freeze, *Rage rPois rF+} (You found it in a Labyrinth)
 45013 | D:15     | Entered Level 15 of the Dungeon
 45301 | D:15     | Reached skill level 10 in Maces & Flails
 46648 | D:16     | Received a gift from Trog
 47826 | D:16     | Reached skill level 16 in Fighting
 48061 | D:17     | Noticed Wiglaf
 48072 | D:17     | Defeated Wiglaf
 48628 | D:17     | Paralysed by a great orb of eyes for 6 turns
 48657 | D:17     | Received a gift from Trog
 48909 | D:17     | You fall through a shaft!
 48909 | D:20     | Entered Level 20 of the Dungeon
 48969 | D:20     | Reached XP level 16. HP: 50/149 MP: 10/10
 49476 | D:20     | Reached skill level 1 in Spellcasting
 49826 | D:20     | Got a brightly glowing cloak
 49830 | D:20     | Identified the +1 cloak of Teody (You acquired it on level 20 of the Dungeon)
 51226 | D:19     | Found Qiarghuuv's Antique Weapon Boutique.
 51626 | D:18     | Noticed Snorg
 51639 | D:18     | Defeated Snorg
 53000 | D:18     | Found a staircase to the Vaults.
 53465 | D:18     | Received a gift from Trog
 54223 | D:18     | Reached XP level 17. HP: 139/156 MP: 15/15
 55526 | D:21     | Received a gift from Trog
 55530 | D:21     | Reached skill level 17 in Fighting
 55632 | D:21     | Found a gateway to Hell.
 55803 | D:21     | Reached skill level 15 in Shields
 55864 | D:21     | Paralysed by a red wasp for 1 turns
 56881 | D:21     | Noticed Margery
 56899 | D:21     | Defeated Margery
 57093 | D:21     | Got a heavily runed helmet
 57227 | D:21     | Identified the +3 helmet "Gradal" (You found it on level 21 of the Dungeon)
 57264 | D:21     | Noticed a deep elf mage
 57269 | D:21     | Defeated a deep elf mage
 57274 | D:21     | Noticed a deep elf mage
 57275 | D:21     | Noticed a deep elf conjurer
 57320 | D:21     | Defeated a deep elf mage
 57323 | D:21     | Defeated a deep elf conjurer
 57872 | D:17     | Received a gift from Trog
 57873 | D:17     | Got a twisted broad axe {god gift}
 57874 | D:17     | Identified the broad axe of Defence {god gift, slay orc, MR Str+2 Dex+3 Stlth++} (Trog gifted it to you on level 17 of the Dungeon)
 58855 | Swamp:1  | Entered Level 1 of the Swamp
 58869 | Swamp:1  | Reached XP level 18. HP: 159/168 MP: 15/15
 60182 | Swamp:2  | Noticed Agnes
 60207 | Swamp:2  | Defeated Agnes
 60833 | Swamp:2  | Noticed Kirke
 60841 | Swamp:2  | Defeated Kirke
 62119 | Swamp:3  | Noticed Saint Roka
 62128 | Swamp:3  | Defeated Saint Roka
 63627 | Swamp:4  | Received a gift from Trog
 64181 | Swamp:4  | Got a smoking large shield
 64195 | Swamp:4  | Identified the +2 large shield "Woriuc" (You found it on level 4 of the Swamp)
 64457 | Swamp:4  | Found a burning altar of Makhleb.
 64937 | Swamp:5  | Entered Level 5 of the Swamp
 65346 | Swamp:5  | Got a decaying rune of Zot
 65829 | Vault:1  | Entered Level 1 of the Vaults
 66408 | Vault:1  | Noticed Azrael
 66599 | Vault:1  | Noticed a fire elemental
 66618 | Vault:1  | Defeated a fire elemental
 67549 | Vault:1  | Reached XP level 19. HP: 175/175 MP: 16/16
 68974 | Vault:2  | Noticed Mara
 69020 | Vault:2  | Noticed AlphaQ's ghost (mighty MDBe)
 69022 | Vault:2  | Defeated Mara
 69199 | Vault:1  | Reached skill level 5 in Traps & Doors
 69430 | Vault:3  | Reached skill level 18 in Fighting
 69884 | Vault:3  | Got a pair of thick gauntlets
 69890 | Vault:3  | Found a staircase to the Crypt.
 69895 | Vault:3  | Identified the +3 pair of gauntlets of War (You acquired it on level 3 of the Vaults)
 70647 | Vault:3  | Received a gift from Trog
 70648 | Vault:3  | Got a pitted broad axe {god gift}
 70649 | Vault:3  | Identified the broad axe of Peace {god gift, chop, +Rage Int+1 Stlth++} (Trog gifted it to you on level 3 of the Vaults)
 70856 | Vault:4  | Paralysed by a great orb of eyes for 3 turns
 71788 | Crypt:1  | Entered Level 1 of the Crypt
 71965 | Crypt:1  | Reached XP level 20. HP: 168/188 MP: 17/18
 73056 | Crypt:2  | Noticed Frances
 73095 | Crypt:2  | Defeated Frances
 73779 | Crypt:3  | Found a magical portal.
 73812 | WizLab   | Entered Eringya's Formal Garden
 73827 | WizLab   | Received a gift from Trog
 74285 | WizLab   | Got a glistering book
 74287 | WizLab   | Got a conspicuous book
 74289 | WizLab   | Got a torn book
 74292 | WizLab   | Got a yellowed book
 74548 | WizLab   | Found a blossoming altar of Fedhas.
 75203 | Crypt:3  | Noticed a reaper
 75206 | Crypt:3  | Defeated a reaper
 75854 | Crypt:3  | Found a staircase to the Tomb.
 76260 | Crypt:4  | Reached skill level 19 in Fighting
 77511 | Elf:1    | Entered Level 1 of the Elven Halls
 77824 | Elf:1    | Lost mutation: You are agile (Dex +1).
 77824 | Elf:1    | Lost mutation: You digest meat inefficiently.
 77960 | Elf:1    | Got a levitating book
 78185 | Elf:2    | Found Ukuenu's Magical Wand Shop.
 79905 | Crypt:5  | Entered Level 5 of the Crypt
 80059 | Crypt:5  | Reached XP level 21. HP: 201/201 MP: 18/18
 80371 | Crypt:5  | Got a round shield
 80385 | Crypt:5  | Identified the +15 shield "Bullseye" (You found it on level 5 of the Crypt)
 81224 | Crypt:5  | Got a dazzling banded mail
 81234 | Crypt:5  | Identified the +0 banded mail of the Ecumenical Temple (You took it off a skeletal warrior on level 5 of the Crypt)
 81292 | Crypt:5  | Noticed a lich
 81292 | Crypt:5  | Noticed a lich
 81374 | Crypt:5  | Defeated a lich
 81797 | Crypt:5  | Defeated a lich
 81847 | Crypt:5  | Got a flickering marble ring
 81848 | Crypt:5  | Identified the ring "Uhaffapi" (You found it on level 5 of the Crypt)
 83157 | Vault:5  | Reached skill level 20 in Shields
 83617 | Vault:5  | Noticed a long sword
 83617 | Vault:5  | Noticed Terpsichore
 83618 | Vault:5  | Noticed a runed short sword
 83621 | Vault:5  | Defeated a long sword
 83622 | Vault:5  | Defeated a runed short sword
 83626 | Vault:5  | Noticed a runed short sword
 83631 | Vault:5  | Defeated Terpsichore
 83633 | Vault:5  | Defeated a runed short sword
 84154 | Vault:6  | Found Pnec's Book Shop.
 84340 | Vault:6  | Found a staircase to the Hall of Blades.
 84511 | Vault:6  | Noticed Mennas
 84558 | Vault:6  | Defeated Mennas
 85539 | Vault:7  | Reached XP level 22. HP: 187/213 MP: 18/18
 85705 | Vault:7  | Received a gift from Trog
 85817 | Vault:7  | Reached skill level 21 in Shields
 85936 | Vault:7  | Got a droning book
 86411 | Vault:8  | Entered Level 8 of the Vaults
 86413 | Vault:8  | Noticed a golden dragon
 86414 | Vault:8  | Noticed a bone dragon
 86747 | Vault:8  | Noticed a bone dragon
 86825 | Vault:7  | Defeated a bone dragon
 87027 | Vault:7  | Defeated a bone dragon
 87759 | Vault:8  | A shadow dragon changed into an iron dragon
 87760 | Vault:8  | An iron dragon changed into an elephant slug
 87763 | Vault:8  | A titan changed into an iron dragon
 87764 | Vault:8  | An iron dragon changed into a shadow dragon
 87777 | Vault:7  | Reached XP level 21. HP: 163/205 MP: 17/18
 87978 | Vault:7  | Reached skill level 22 in Shields
 88044 | Vault:8  | Noticed a deep elf death mage
 88052 | Vault:8  | Defeated a deep elf death mage
 88149 | Vault:8  | Reached XP level 22. HP: 213/213 MP: 18/18
 88173 | Vault:8  | Got a slimy wooden ring
 88175 | Vault:8  | Identified the ring of Xuam (You found it on level 8 of the Vaults)
 88198 | Vault:8  | Reached XP level 21. HP: 205/205 MP: 17/18
 88838 | Vault:8  | Defeated a golden dragon
 89038 | Vault:8  | A merfolk changed into a guardian serpent
 89041 | Vault:8  | Defeated a guardian serpent
 89245 | Vault:8  | Reached XP level 22. HP: 213/213 MP: 18/18
 89275 | Vault:8  | Noticed FilthyApe's ghost (great KoBe)
 89322 | Vault:8  | Noticed a golden dragon
 89334 | Vault:8  | Defeated a golden dragon
 89585 | Vault:8  | Reached skill level 23 in Shields
 90397 | D:18     | Noticed a shadow dragon
 90398 | D:18     | Reached XP level 21. HP: 209/209 MP: 17/18
 90416 | D:18     | Defeated a shadow dragon
 91766 | Vault:8  | Reached XP level 20. HP: 191/301 MP: 17/17
 92134 | Vault:8  | Noticed a golden dragon
 92222 | Vault:8  | Reached XP level 21. HP: 209/209 MP: 18/18
 92233 | Vault:8  | Defeated a golden dragon
 92284 | Vault:8  | Noticed a deep elf death mage
 92298 | Vault:8  | Defeated a deep elf death mage
 92320 | Vault:8  | Defeated FilthyApe's ghost
 92432 | Vault:8  | Got a smoking bronze ring
 92478 | Vault:8  | Got a silver rune of Zot
 92649 | Vault:8  | Reached XP level 20. HP: 201/201 MP: 17/17
 92660 | Vault:8  | Reached XP level 21. HP: 209/209 MP: 18/18
 92716 | Vault:8  | Reached XP level 20. HP: 201/201 MP: 17/17
 92725 | Vault:8  | Noticed an ancient lich
 92734 | Vault:8  | Defeated an ancient lich
 93320 | Vault:8  | Reached skill level 24 in Shields
 93587 | Blade    | Entered the Hall of Blades
 93600 | Blade    | Reached XP level 21. HP: 188/209 MP: 18/18
 94995 | Blade    | Reached skill level 25 in Shields
 95487 | D:24     | Found Twyo's Antique Weapon Shop.
 95784 | D:24     | Found a one-way gate leading to the halls of Pandemonium.
 96400 | Lair:2   | Identified the ring "Stuarig" (You found it on level 8 of the Vaults)
 96450 | Shoals:1 | Entered Level 1 of the Shoals
 97611 | Shoals:3 | Noticed Rupert
 97628 | Shoals:3 | Defeated Rupert
 99668 | Shoals:5 | Entered Level 5 of the Shoals
 99692 | Shoals:5 | Received a gift from Trog
 99693 | Shoals:5 | Got a polished lajatang {god gift}
 99891 | Shoals:5 | Noticed Boris
 99915 | Shoals:5 | Defeated Boris
 99935 | Shoals:5 | Got a barnacled rune of Zot
100711 | D:24     | Noticed a shining eye
100711 | D:24     | A shining eye changed into a death drake
100750 | D:24     | Reached XP level 22. HP: 190/221 MP: 2/18
100758 | D:24     | Noticed a guardian serpent
100760 | D:24     | A guardian serpent changed into a merfolk
103300 | D:24     | Received a gift from Trog
103439 | D:24     | Got a brightly glowing war axe
103440 | D:24     | Identified the war axe of Lix Urae {flame, rC+ Int+2} (You found it on level 24 of the Dungeon)
103449 | D:24     | Found an ancient bone altar of Kikubaaqudgha.
103534 | D:25     | Entered Level 25 of the Dungeon
103682 | D:25     | Found a bloodstained altar of Trog.
103725 | D:25     | Reached skill level 26 in Shields
104775 | D:25     | Found a one-way gate to the infinite horrors of the Abyss.
106096 | D:26     | Found a viscous altar of Jiyva.
106211 | D:26     | Received a gift from Trog
106321 | D:26     | Reached XP level 23. HP: 221/231 MP: 19/19
106331 | D:26     | Reached skill level 27 in Shields
106623 | D:26     | Found Criocki's Armour Emporium.
106775 | D:27     | Entered Level 27 of the Dungeon
107467 | Zot:1    | Entered Level 1 of the Realm of Zot
107554 | Zot:1    | Received a gift from Trog
108045 | Zot:1    | Reached skill level 15 in Maces & Flails
109585 | Zot:2    | Got a shimmering buckler
109609 | Zot:2    | Identified the +0 buckler of Music (You found it on level 2 of the Realm of Zot)
110350 | Zot:2    | Reached XP level 24. HP: 135/243 MP: 19/19
110814 | Zot:3    | Received a gift from Trog
111674 | Zot:3    | Noticed Tiamat
114691 | Elf:2    | Gained mutation: You are frail (-10% HP).
115360 | Orc:4    | Bought a potion of heal wounds for 36 gold pieces
115360 | Orc:4    | Bought a potion of healing for 24 gold pieces
115360 | Orc:4    | Bought a potion of healing for 24 gold pieces
115360 | Orc:4    | Bought a potion of speed for 30 gold pieces
115524 | D:11     | Bought a potion of speed for 35 gold pieces
115524 | D:11     | Bought a potion of heal wounds for 42 gold pieces
115551 | D:11     | Bought a potion of agility for 30 gold pieces
115551 | D:11     | Bought a potion of might for 30 gold pieces
116153 | Zot:2    | Defeated Tiamat
118783 | Zot:5    | Entered Level 5 of the Realm of Zot
122750 | Zot:5    | Noticed an ancient lich
122779 | Zot:5    | Defeated an ancient lich
122996 | Zot:5    | Reached XP level 25. HP: 236/236 MP: 20/20
123006 | Zot:5    | Noticed an ancient lich
123077 | Zot:5    | Defeated an ancient lich
123287 | Zot:5    | Noticed an orb of fire
123300 | Zot:5    | Defeated an orb of fire
123470 | Zot:5    | Noticed an ancient lich
123486 | Zot:5    | Defeated an ancient lich
123502 | Zot:5    | Noticed an ancient lich
123725 | Zot:5    | Defeated an ancient lich
124238 | Zot:5    | Got the Orb of Zot
124407 | Zot:1    | Noticed Egagirgh the pandemonium lord
124516 | D:26     | Noticed Herabi Pludgh the pandemonium lord
124692 | D:18     | Defeated Azrael
124966 | D:9      | Noticed Werolino the pandemonium lord
125165 | D:5      | Found Mnuofienn's Food Shoppe.
125196 | D:5      | Noticed Acunikou the pandemonium lord
125380 | D:$      | Escaped with the Orb!
